 Dungeon Crawl Stone Soup version 0.30-a0-782-ge64f9170bb (webtiles) character file.

Game seed: 12427817817899599437

5138 funkygono the Arsonist (level 10, -5/52 HPs)
             Began as a Gargoyle Fire Elementalist on Mar 8, 2023.
             Was a Priest of Vehumet.
             Slain by a komodo dragon (27 damage)
             ... on level 8 of the Dungeon.
             The game lasted 00:14:11 (10260 turns).

funkygono the Arsonist (GrFE)                      Turns: 10260, Time: 00:14:11

Health: -5/52      AC: 13    Str: 17    XL:     10   Next: 58%
Magic:  10/23      EV: 12    Int: 21    God:    Vehumet [***...]
Gold:   259        SH:  0    Dex: 10    Spells: 11/27 levels left

rFire   . . .      SeeInvis .    g - +2 whip (venom)
rCold   . . .      Faith    .    (no shield)
rNeg    + . .      Spirit   .    a - +0 robe
rPois   ∞          Reflect  .    K - +0 helmet
rElec   +          Harm     .    w - +1 cloak
rCorr   +          Rampage  .    (no gloves)
Will    .....                    I - +0 pair of boots
Stlth   ++                       (no amulet)
HPRegen 0.28/turn                k - ring of resist corrosion
MPRegen 0.18/turn                B - +6 ring of strength

@: no status effects
A: sickness immunity, AC +7, negative energy resistance 1, electricity
resistance, torment resistance 1, petrification resistance
a: Renounce Religion


You were on level 8 of the Dungeon.
You worshipped Vehumet.
Vehumet was most pleased with you.
You visited 2 branches of the dungeon, and saw 9 of its levels.
You also visited: Sewer.

You collected 429 gold pieces.
You spent 170 gold pieces at shops.

Inventory:

Hand Weapons
 c - a +0 whip
 g - a +2 whip of venom (weapon)
 l - a +1 whip of freezing
 y - a +2 whip of freezing
 G - a +1 whip of electrocution
 H - a +3 mace
 J - a +2 vampiric whip
Armour
 a - a +0 robe (worn)
 w - a +1 cloak (worn)
 I - a +0 pair of boots (worn)
 K - a +0 helmet (worn)
Jewellery
 e - a +6 ring of dexterity
 k - a ring of resist corrosion (left hand)
 B - a +6 ring of strength (right hand)
 F - a ring of flight
Wands
 q - a wand of mindburst (20)
 D - a wand of paralysis (9)
 E - a wand of flame (16)
Scrolls
 m - a scroll of blinking
 n - 6 scrolls of teleportation
 u - a scroll of torment
 C - a scroll of magic mapping
 L - 4 scrolls of fog
 M - 2 scrolls of identify
Potions
 b - 5 potions of magic
 d - 4 potions of mutation
 f - a potion of attraction
 h - 3 potions of heal wounds
 i - 3 potions of curing
 j - 2 potions of brilliance
 o - a potion of flight {unknown}
 p - 4 potions of haste
 r - a potion of experience {unknown}
 s - 4 potions of resistance
 t - a potion of invisibility {unknown}
 v - 3 potions of degeneration {unknown}
 x - a potion of might {unknown}
 z - a potion of cancellation {unknown}
 A - 2 potions of lignification {unknown}


   Skills:
 + Level 1.2 Fighting
 + Level 2.2 Maces & Flails
 + Level 3.0 Dodging
 - Level 2.1 Stealth
 + Level 9.2 Spellcasting
 + Level 6.2 Conjurations
 + Level 10.0 Fire Magic


You had 11 spell levels left.
You knew the following spells:

 Your Spells              Type           Power      Damage    Failure   Level
a - Foxfire               Conj/Fire      100%       2x1d9     1%          1
b - Scorch                Fire           100%       2d10      1%          2
c - Kindle Blastsparks    Fire/Tloc/Air  46%        2d13      1%          3
d - Flame Wave            Conj/Fire      43%        2d11      1%          4
e - Momentum Strike       Conj/Tloc      44%        3d9       1%          2
f - Airstrike             Air            4%         2d(1-17)  17%         4

Your spell library contained the following spells:

 Spells                   Type           Power      Damage    Failure   Level
 Inner Flame              Hex/Fire       30%        N/A       1%          3
 Mephitic Cloud           Conj/Pois/Air  18%        N/A       2%          3
 Poisonous Vapours        Pois/Air       18%        N/A       3%          2
 Iskenderun's Battlesphe  Conj           35%        2d9       4%          5
 Iron Shot                Conj/Erth      11%        9d3       58%         6
 Spellforged Servitor     Conj/Summ      11%        N/A       98%         7
 Cigotuvi's Dreadful Rot  Necr/Pois/Air  Unusable   N/A       N/A         2

Dungeon Overview and Level Annotations

Branches:
Dungeon (8/15)             Temple (1/1) D:6           Sewer (visited)
   Lair: D:8-11

Altars:
Ashenzari
Cheibriados
Elyvilon
Fedhas
Gozag
Kikubaaqudgha
Makhleb
Nemelex Xobeh
Okawaru
Qazlal
Ru
Sif Muna
Trog
Uskayaw
Vehumet
Wu Jian
Xom
Yredelemnul
Zin
The Shining One

Shops:
D:2 =*?[   D:5 [   D:8 ([

Annotations:
D:3 1 runed translucent door, p0werm0de's ghost, amateur VSFi
D:5 2 transporters, caveywoolpert's ghost, novice TrEE
D:6 3 runed translucent doors, Crownlay's ghost, novice OpEE
D:7 1 runed translucent door, p0werm0de's ghost, novice OgFi
Temple 4 transporters


Innate Abilities, Weirdness & Mutations

You are immune to sickness and miasma.
Your stone body is resilient. (AC +7)
You are immune to poison.
You resist negative energy. (rN+)
You are resistant to electric shocks. (rElec)
You are resistant to unholy torment.
You are immune to petrification.


Message History

The flame wave engulfs the plant!
The plant begins to die.
The plant is lightly damaged.
You finish channelling waves of flame.
The iguana completely misses the plant.
A nearby plant withers and dies.
Casting: Flame Wave (dangerous; 1% risk of failure)
Confirm with . or Enter, or press ? or * to list all spells.
You conjure some foxfire!
A nearby plant withers and dies.
Casting: Foxfire (safe; 1% risk of failure)
Confirm with . or Enter, or press ? or * to list all spells.
Flames lash the komodo dragon.
The komodo dragon is lightly wounded.
The komodo dragon's fire resistance burns away.
The foxfire hits the komodo dragon!
The komodo dragon is burned terribly!
The komodo dragon is moderately wounded.
The foxfire hits the komodo dragon but does no damage.
The komodo dragon is moderately wounded.
Unknown command.
You hit the komodo dragon.
The komodo dragon is moderately wounded.
A nearby plant withers and dies.
The komodo dragon bites you.
Casting: Scorch (safe; 1% risk of failure)
Confirm with . or Enter, or press ? or * to list all spells.
Casting: Flame Wave (dangerous; 1% risk of failure)
Press: ? - help, Dir - look around, f - activate A wave of flame ripples out!
The flame wave engulfs the komodo dragon.
The komodo dragon is burned terribly!
The komodo dragon is heavily wounded. (Press . to intensify the flame waves.)
The komodo dragon bites you!!
Unknown command.
A wave of flame ripples out!
The flame wave engulfs the komodo dragon.
The komodo dragon is heavily wounded.
The flame wave engulfs the iguana!
The iguana is almost dead.
The komodo dragon is no longer more vulnerable to fire.
The komodo dragon bites you!!
Ouch! That really hurt!
You die...

#.#############......
#....................
####.###############.
#.# ##........ #.#
.P########. #.#


PP.P #...... #.# P.P.. ######. #.##.....P #. #@ll..# #. ####### ## You could see
a komodo dragon and an iguana.

Vanquished Creatures
  Pikel (D:4)
  Joseph (D:8)
  Prince Ribbit (D:8)
  A wyvern (D:8)
  6 yaks (D:8)
  A steam dragon (D:8)
  Menkaure (D:7)
  An ice beast (D:8)
  2 ogres (D:5)
  3 centaurs
  A lemure (D:4)
  3 kobold brigands
  A phantom (D:5)
  3 bullfrogs
  A gnoll sergeant (D:7)
  4 scorpions
  A necrophage (D:6)
  12 wights
  2 howler monkeys
  7 hounds
  2 centaur zombies (D:6)
  2 jellies
  3 iguanas
  5 orc wizards
  3 gnolls (D:7)
  6 river rats (Sewer)
  7 adders
  A shadow imp (D:8)
  2 white imps
  2 ufetubi
  3 worms
  17 orcs
  4 bats
  9 endoplasms
  A giant cockroach (D:4)
  8 goblins
  8 hobgoblins
  8 jackals
  2 quokkas (D:1)
  12 ball pythons
  5 frilled lizards
  30 kobolds
  26 rats
219 creatures vanquished.

Vanquished Creatures (collateral kills)
  7 foxfires
7 creatures vanquished.

Vanquished Creatures (others)
  567 foxfires
  2 fungi (D:3)
  5 plants (D:8)
574 creatures vanquished.

Grand Total: 800 creatures vanquished

Notes
Turn   | Place    | Note
-------+----------+-------------------------------------------
     0 | D:1      | funkygono the Gargoyle Fire Elementalist began the quest
                  | for the Orb.
     0 | D:1      | Reached XP level 1. HP: 10/10 MP: 3/3
   124 | D:1      | Reached XP level 2. HP: 10/15 MP: 0/5
   316 | D:1      | Learned a level 2 spell: Scorch
   602 | D:1      | Reached XP level 3. HP: 19/19 MP: 2/6
   606 | D:1      | Learned a level 3 spell: Kindle Blastsparks
  1563 | D:2      | Found Viunuoh's Jewellery Shop.
  1793 | D:2      | Found Ihextud's Assorted Antiques.
  1970 | D:2      | Found a sparkling altar of Nemelex Xobeh.
  2005 | D:2      | Found Konausih's Armour Shop.
  2099 | D:2      | Reached XP level 4. HP: 24/24 MP: 2/8
  2176 | D:2      | Found Eraclor's Magic Scroll Boutique.
  2471 | D:3      | Found a glowing silver altar of Zin.
  2888 | D:3      | Found a radiant altar of Vehumet.
  2896 | D:3      | Found a runed translucent door.
  2914 | D:3      | Reached skill level 4 in Fire Magic
  2914 | D:3      | Reached XP level 5. HP: 28/28 MP: 0/9
  2925 | D:3      | Became a worshipper of Vehumet
  3021 | D:3      | Noticed p0werm0de's ghost (amateur VSFi)
  3190 | D:3      | Identified the +3 scale mail of Follow the Leader {rCorr
                  | Str-2 Int+4 Dex+5}
  3421 | D:2      | Bought a +0 cloak for 54 gold pieces
  3554 | D:4      | Reached XP level 6. HP: 28/32 MP: 0/11
  3572 | D:4      | Learned a level 4 spell: Flame Wave
  3866 | D:4      | You fall into a shaft and drop 2 floors!
  3961 | D:6      | Found a glowing drain.
  3979 | Sewer    | Entered a sewer
  4009 | Sewer    | Reached XP level 7. HP: 36/36 MP: 10/13
  4013 | Sewer    | Reached skill level 5 in Fire Magic
  4202 | Sewer    | Reached * piety under Vehumet
  4202 | Sewer    | Offered knowledge of Sandblast by Vehumet.
  4675 | Sewer    | Reached skill level 5 in Spellcasting
  4753 | Sewer    | Reached ** piety under Vehumet
  4783 | Sewer    | Offered knowledge of Freeze by Vehumet.
  5079 | D:5      | Entered Level 5 of the Dungeon
  5408 | D:4      | Found an opulent altar of Gozag.
  6017 | D:5      | Noticed Pikel
  6020 | D:5      | Reached skill level 6 in Fire Magic
  6020 | D:5      | Reached XP level 8. HP: 41/41 MP: 5/16
  6138 | D:4      | Killed Pikel
  6334 | D:5      | Found a burning altar of Makhleb.
  6341 | D:5      | Reached skill level 7 in Fire Magic
  6400 | D:5      | Found a transporter.
  6403 | D:5      | Found a transporter.
  6472 | D:5      | Noticed caveywoolpert's ghost (novice TrEE)
  6566 | D:5      | Found a blossoming altar of Fedhas.
  6855 | D:5      | Reached XP level 9. HP: 15/46 MP: 19/19
  7020 | D:5      | Found Eluidoloung's Armour Boutique.
  7339 | D:6      | Found a sacrificial altar of Ru.
  7388 | D:6      | Found a staircase to the Ecumenical Temple.
  7419 | Temple   | Entered the Ecumenical Temple
  7419 | Temple   | Found a transporter.
  7419 | Temple   | Found a transporter.
  7421 | Temple   | Found a transporter.
  7421 | Temple   | Found a transporter.
  7655 | D:6      | Reached skill level 1 in Maces & Flails
  7705 | D:6      | Reached skill level 8 in Fire Magic
  7760 | D:6      | Found a runed translucent gate.
  7760 | D:6      | Found a runed translucent gate.
  7760 | D:6      | Found a runed translucent gate.
  7760 | D:6      | Noticed Crownlay's ghost (novice OpEE)
  7762 | D:6      | Found a basalt altar of Yredelemnul.
  8150 | D:7      | Noticed Menkaure
  8154 | D:7      | Killed Menkaure
  8154 | D:7      | Offered knowledge of Momentum Strike by Vehumet.
  8155 | D:7      | Reached skill level 1 in Fighting
  8155 | D:7      | Reached skill level 5 in Conjurations
  8158 | D:7      | Learned a level 2 spell: Momentum Strike
  8199 | D:7      | Found a runed translucent door.
  8199 | D:7      | Found a shimmering altar of Xom.
  8199 | D:7      | Noticed p0werm0de's ghost (novice OgFi)
  8200 | D:7      | Noticed a +1 short sword of chaos
  8671 | D:7      | Reached *** piety under Vehumet
  8895 | D:7      | Found a hide-covered altar of Uskayaw.
  9225 | D:8      | Found Citar's Weapon Boutique.
  9234 | D:8      | Reached skill level 9 in Fire Magic
  9239 | D:8      | Reached XP level 10. HP: 48/52 MP: 11/22
  9417 | D:8      | Found Jovveh's Armour Shoppe.
  9425 | D:8      | Bought a +0 pair of boots for 58 gold pieces
  9425 | D:8      | Bought a +0 helmet for 58 gold pieces
  9466 | D:8      | Noticed Joseph
  9478 | D:8      | Killed Joseph
  9759 | D:8      | Found an ornate altar of the Wu Jian Council.
  9994 | D:8      | Noticed Prince Ribbit
 10002 | D:8      | Killed Prince Ribbit
 10003 | D:8      | Offered knowledge of Airstrike by Vehumet.
 10010 | D:8      | Reached skill level 10 in Fire Magic
 10018 | D:8      | Learned a level 4 spell: Airstrike
 10260 | D:8      | Slain by a komodo dragon

Illustrated notes

Levels and vault maps discovered:
D:1:      dpeg_arrival_rhombi, layout_loops_ring, minmay_crystal_room,
          dk_noncrumbling_2, st_stairs_5, nrook_mini_vaults
D:2:      layout_loops_corners, serial_shops, nicolae_shop_hallway_plus,
          nicolae_shop_hallway_plus, shop_statue, shop_statue, basic_altar,
          nrook_campfire
D:3:      minmay_skewed_foursquare, layout_rooms,
          mainiacjoe_overflow_cross_hatched, mainiacjoe_overflow_brackets,
          ebering_ghost_sewer_d
D:4:      layout_basic, overflow_temple_1_default
D:5:      layout_loops_cross, lightli_temple_of_fire,
          nicolae_overflow_crystal_walls, serial_shops, shop,
          gammafunk_ghost_mausoleum, dk_rats_in_the_wall, uniq_pikel
D:6:      layout_loops_ring, nicolae_yredelemnul_ghost_church,
          nicolae_ru_awakened_eye, minmay_temple_entry_tees,
          cheibrodos_sewer_entry_bend, small_statue_intersection
D:7:      layout_cave_pools, nicolae_uskayaw_dance_hall, ebering_ghost_xom,
          grunt_ministairs_15, uniq_menkaure
D:8:      layout_basic, pdpol_wu_jian_five_deadly_venoms, serial_shops, shop,
          nicolae_shop_bloodbath_and_beyond, grunt_ministairs_3,
          minmay_lizard_king, uniq_joseph, uniq_prince_ribbit1
Temple:   hellmonk_temple_divided_pantheon

Skill      XL: |  1  2  3  4  5  6  7  8  9 10 |
---------------+-------------------------------+-----
Conjurations   | 2 3 4 5 6 |  6.2
Spellcasting   | 3 4 5 6 8 9 |  9.2
Fire Magic     | 4 6 7 9 10 | 10.0
Dodging        | 2 3 |  3.0
Maces & Flails | 1 2 |  2.2
Fighting       | 1 |  1.2
Stealth        | |  2.1

Action                     |  1- 3 |  4- 6 |  7- 9 | 10-12 || total
---------------------------+-------+-------+-------+-------++-------
  Melee: Whip              |    17 |     4 |    35 |    10 ||    66
         Punch             |       |       |     1 |       ||     1
   Cast: Foxfire           |    49 |    63 |   214 |    16 ||   342
         Scorch            |     9 |    15 |    73 |     3 ||   100
         Flame Wave        |       |       |     2 |     8 ||    10
    Use: Scroll            |       |    12 |     6 |       ||    18
 Armour: Robe              |    18 |     6 |    38 |     5 ||    67
  Dodge: Dodged            |    35 |    10 |    60 |     8 ||   113

Table legend: (Time is in decaauts)
 A = Elapsed time spent in this place.
 B = Non-inter-level travel time spent in this place.
 C = Inter-level travel time spent in this place.
 D = Time resting spent in this place.
 E = Time spent auto-exploring this place.
 F = Levels seen in this place.
 G = Mean time per level.
                   A        B        C        D        E       F      G
               +--------+--------+--------+--------+--------+-----+--------+
         Total |  10277 |   9993 |    284 |     21 |   8573 |  10 | 1027.7 |
       Dungeon |   9176 |   8901 |    275 |     21 |   7664 |   8 | 1147.0 |
        Temple |     23 |     14 |      9 |      0 |      2 |   1 |   23.0 |
         Sewer |   1077 |   1077 |      0 |      0 |    907 |   1 | 1077.0 |
               +--------+--------+--------+--------+--------+-----+--------+

Top non-repeatable levels by time:
     D:1: 1448 daAuts
     D:4: 1386 daAuts
     D:5: 1202 daAuts
     D:8: 1141 daAuts
     D:6: 1122 daAuts
     D:3: 1078 daAuts
   Sewer: 1077 daAuts
     D:2: 993 daAuts
     D:7: 802 daAuts
  Temple: 23 daAuts
